 Dungeon Crawl Stone Soup version 0.19-a0-1714-gcab94ab (webtiles) character file.

3783 dobroeutro the Cleaver (level 9, -4/73 HPs)
             Began as a Demonspawn Fighter on Sept 28, 2016.
             Was a High Priest of Okawaru.
             Killed by divine providence
             ... invoked by an orc priest
              (12 damage)
             ... on level 9 of the Dungeon.
             The game lasted 00:10:52 (6701 turns).

dobroeutro the Cleaver (Demonspawn Fighter)         Turns: 6701, Time: 00:10:54

Health: -4/73      AC: 13    Str: 19    XL:     9   Next: 95%
Magic:  9/9        EV:  5    Int: 11    God:    Okawaru [*****.]
Gold:   538        SH: 13    Dex: 12    Spells: 0 memorised, 8 levels left

rFire  + . .     SeeInvis .     q - +0 broad axe
rCold  + + .     Gourm    .     b - +0 scale mail
rNeg   . . .     Faith    .     v - +0 large shield
rPois  +         Spirit   .     (helmet restricted)
rElec  .         Dismiss  .     (no cloak)
rCorr  .         Reflect  .     J - +0 pair of gloves
MR     .....     Harm     .     (no boots)
Stlth  ..........               K - amulet of rage
                                G - ring of poison resistance
                                r - ring of protection from fire

@: no status effects
A: antennae 1, iridescent scales 3, cold resistance 2, deformed body, powered by
death 2
a: Heroism, Finesse, Renounce Religion, Evoke Berserk Rage


You were on level 9 of the Dungeon.
You worshipped Okawaru.
Okawaru was extremely pleased with you.
You were near starving.

You visited 2 branches of the dungeon, and saw 10 of its levels.

You collected 538 gold pieces.

Inventory:

Hand Weapons
 a - a +0 war axe
 q - a +0 broad axe (weapon)
Armour
 b - a +0 scale mail (worn)
 c - a +0 shield
 v - a +0 large shield (worn)
 y - a +2 helmet
 J - a +0 pair of gloves (worn)
Jewellery
 j - an uncursed ring of protection from cold
 r - a ring of protection from fire (left hand)
 G - a ring of poison resistance (right hand)
 K - an amulet of rage (around neck)
Wands
 F - a wand of flame (10/48)
 I - a wand of flame (19/48)
Scrolls
 g - a scroll of fog {unknown}
 i - a scroll of noise {unknown}
 l - 4 scrolls of remove curse {unknown}
 m - 7 scrolls of identify {unknown}
 n - a scroll of recharging {unknown}
 o - 4 scrolls of fear {unknown}
 s - 3 scrolls of enchant armour {unknown}
 t - a scroll of magic mapping {unknown}
 u - 3 scrolls of blinking {unknown}
 z - 2 scrolls of immolation {unknown}
 B - 3 scrolls of amnesia
 C - a scroll of brand weapon {unknown}
 O - a scroll of enchant weapon {unknown}
 P - a scroll of teleportation {unknown}
Potions
 d - a potion of might
 e - a potion of agility {unknown}
 h - 2 potions of flight {unknown}
 k - 3 potions of resistance {unknown}
 p - a potion of curing
 x - 2 potions of lignification {unknown}
 A - 2 potions of degeneration {unknown}
 E - a potion of invisibility {unknown}
 H - a potion of cure mutation {unknown}
 L - a potion of haste {unknown}
 M - a potion of heal wounds {unknown}
Books
 N - a book of Spatial Translocations

   Spells                             Type                      Level
   a - Apportation                    Translocation                1
   b - Blink                          Translocation                2
   c - Shroud of Golubria             Charms/Translocation         2
   d - Portal Projectile              Translocation                3
   e - Teleport Other                 Translocation                3
   f - Passage of Golubria            Translocation                4
Comestibles
 f - 9 bread rations
 w - 4 meat rations
 D - 3 slices of pizza


   Skills:
 + Level 7.7 Fighting
 * Level 9.5 Axes
 + Level 7.1 Armour
 - Level 2.6 Shields


You had 8 spell levels left.
You didn't know any spells.

Dungeon Overview and Level Annotations

Branches:
Dungeon (9/15)             Temple (1/1) D:4
   Lair: D:8-11         Orc: D:9-12

Altars:
Ashenzari
Cheibriados
Elyvilon
Gozag
Kikubaaqudgha
Makhleb
Okawaru
Qazlal
Sif Muna
Uskayaw
Vehumet
Xom
Yredelemnul
Zin
The Shining One

Shops:
D:4 :   D:8 *


Innate Abilities, Weirdness & Mutations

You are completely covered in iridescent scales. (AC +6)
Your flesh is very cold resistant. (rC++)
You regenerate health from kills.
You have a pair of small antennae on your head.
Armour fits poorly on your strangely shaped body.


Message History

The orc wizard blinks!
You block the scorpion's attack. You block the scorpion's attack.
You feel yourself speed up.
The scorpion stings you but does no damage.
You see here a fuming sapphire potion.
A quokka skeleton comes into view.
The orc priest calls down the wrath of Beogh upon you.
Beogh smites you!
* * * LOW HITPOINT WARNING * * *
Okay, then.
As you read the scroll labeled ICWEP MAMMAZ, it crumbles to dust.
It is a scroll of amnesia.
You feel forgetful for a moment.
The scorpion stings you but does no damage.
The quokka skeleton bites you.
* * * LOW HITPOINT WARNING * * *
The orc priest invokes the aid of Beogh against you.
Beogh smites you!
You die...

#.#. #.._
########################.
.............#.......#...
.............#.......###.
.............#......>....
.............#...........
.............#...........
#.....Z@....#.......####
#....ss#....#.......'...
#.....O##############...
#.....o.....#...........
#....o......#...........
#...........#...........
#.o....!....#...........
#...........#.......####
#...........#.......'...


You could see an ogre, 2 scorpions, an orc priest, 2 orc wizards and a quokka
skeleton.

Vanquished Creatures
  Pikel (D:4)
  A merfolk (D:9)
  A hippogriff (D:9)
  Eustachio (D:5)
  Edmund (D:5)
  3 phantoms
  A wasp (D:7)
  An orc warrior (D:5)
  2 sky beasts (D:8)
  A black bear (D:6)
  2 ogres
  A centaur (D:6)
  A big kobold (D:9)
  3 bullfrogs
  3 scorpions
  10 wights
  2 howler monkeys
  A crimson imp (D:9)
  A centaur zombie (D:5)
  A hound (D:7)
  A jelly (D:8)
  A bullfrog zombie (D:8)
  A centaur skeleton (D:7)
  A gnoll shaman (D:6)
  An orc priest (D:3)
  2 orc wizards (D:6)
  4 iguanas
  5 worker ants
  2 hound skeletons
  A howler monkey zombie (D:6)
  Robin (D:3)
  6 adders
  9 gnolls
  2 shadow imps
  An ooze (D:3)
  A worm (D:5)
  2 adder skeletons
  2 dart slugs
  4 leopard geckos
  10 orcs
  8 giant cockroaches
  7 goblins
  6 hobgoblins
  13 jackals
  4 quokkas
  5 bats
  2 frilled lizards
  A jackal skeleton (D:3)
  16 kobolds
  A quokka skeleton (D:3)
  6 rats
164 creatures vanquished.

Vanquished Creatures (others)
  A slave (D:5)
  A worker ant (D:5)
  A quokka (D:5)
3 creatures vanquished.

Grand Total: 167 creatures vanquished

Notes
Turn   | Place    | Note
-------+----------+-------------------------------------------
     0 | D:1      | dobroeutro the Demonspawn Fighter began the quest for the Orb.
     0 | D:1      | Reached XP level 1. HP: 18/18 MP: 1/1
    96 | D:1      | Reached skill level 2 in Axes
   241 | D:1      | Gained mutation: You regenerate a little health from kills. [demonic ancestry]
   241 | D:1      | Reached XP level 2. HP: 24/24 MP: 2/2
   975 | D:2      | Gained mutation: You are partially covered in iridescent scales. (AC +2) [demonic ancestry]
   975 | D:2      | Reached XP level 3. HP: 26/29 MP: 3/3
  1491 | D:3      | Reached skill level 3 in Axes
  1509 | D:3      | Reached XP level 4. HP: 24/35 MP: 4/4
  2088 | D:3      | Noticed Robin
  2097 | D:3      | Killed Robin
  2097 | D:3      | Reached XP level 5. HP: 39/42 MP: 5/5
  2311 | D:3      | Reached skill level 4 in Axes
  2337 | D:4      | Found Boalotan's Book Boutique.
  2580 | D:4      | Found a staircase to the Ecumenical Temple.
  2624 | Temple   | Entered the Ecumenical Temple
  2645 | Temple   | Became a worshipper of Warmaster Okawaru
  2769 | D:4      | Noticed a phantom
  2833 | D:4      | Killed a phantom
  2833 | D:4      | Reached XP level 6. HP: 32/49 MP: 6/6
  2849 | D:5      | Entered Level 5 of the Dungeon
  2849 | D:5      | Noticed Eustachio
  2908 | D:5      | Noticed Pikel
  2917 | D:4      | Reached * piety under Okawaru
  2926 | D:5      | Noticed a slave
  2927 | D:5      | Noticed a slave
  2958 | D:4      | Killed Pikel
  2958 | D:4      | Reached ** piety under Okawaru
  2958 | D:4      | Reached skill level 5 in Fighting
  2958 | D:4      | Reached skill level 6 in Axes
  2958 | D:4      | Gained mutation: You are mostly covered in iridescent scales. (AC +4) [demonic ancestry]
  2958 | D:4      | Reached XP level 7. HP: 36/56 MP: 7/7
  3036 | D:5      | Reached *** piety under Okawaru
  3036 | D:5      | Reached skill level 5 in Armour
  3036 | D:5      | Gained mutation: Your flesh is cold resistant. (rC+) [demonic ancestry]
  3036 | D:5      | Reached XP level 8. HP: 30/63 MP: 8/8
  3204 | D:5      | Noticed Edmund
  3217 | D:5      | Killed Edmund
  3269 | D:5      | Killed Eustachio
  3417 | D:6      | Reached skill level 7 in Axes
  3484 | D:5      | Reached **** piety under Okawaru
  3836 | D:6      | Found a snail-covered altar of Cheibriados.
  3836 | D:6      | Found a burning altar of Makhleb.
  3837 | D:6      | Found a basalt altar of Yredelemnul.
  3838 | D:6      | Found a glowing golden altar of the Shining One.
  3838 | D:6      | Found a shimmering altar of Xom.
  3995 | D:6      | Gained mutation: You regenerate health from kills. [demonic ancestry]
  3995 | D:6      | Reached XP level 9. HP: 66/71 MP: 9/9
  4169 | D:7      | Found an ancient bone altar of Kikubaaqudgha.
  4207 | D:7      | Reached skill level 8 in Axes
  4422 | D:7      | Found a shattered altar of Ashenzari.
  5276 | D:8      | Gained mutation: Your flesh is very cold resistant. (rC++) [mutagenic meat]
  5279 | D:8      | Gained mutation: You are completely covered in iridescent scales. (AC +6) [mutagenic meat]
  5282 | D:8      | Gained mutation: Your body sometimes deteriorates upon taking damage. [mutagenic meat]
  5285 | D:8      | Gained mutation: Your spells are a little easier to cast, but a little less powerful. [mutagenic meat]
  5288 | D:8      | Gained mutation: You have a pair of small antennae on your head. [mutagenic meat]
  5304 | D:8      | Found Ataenad's General Store.
  5323 | D:8      | Found a glowing golden altar of the Shining One.
  5336 | D:8      | Lost mutation: Your body sometimes deteriorates upon taking damage. [mutagenic meat]
  5339 | D:8      | Lost mutation: Your spells are a little easier to cast, but a little less powerful. [mutagenic meat]
  5342 | D:8      | Gained mutation: Armour fits poorly on your strangely shaped body. [mutagenic meat]
  5361 | D:8      | Found a radiant altar of Vehumet.
  5715 | D:8      | Reached ***** piety under Okawaru
  5990 | D:9      | Reached skill level 9 in Axes
  6045 | D:9      | Found an opulent altar of Gozag.
  6147 | D:9      | Noticed a merfolk
  6170 | D:9      | Killed a merfolk
  6636 | D:9      | HP: 2/73 [orc priest/divine providence (11)]
  6701 | D:9      | Killed from afar by an orc priest

Vault maps used:
D:1:      lightli_arrival_statue_moat
D:2:      hangedman_glass_teeth, serial_bayou_pond_b
D:3:      minmay_misc_feat_more_columns, uniq_robin
D:4:      serial_shops, shop_fountains, first_bread
D:5:      uniq_eustachio, uniq_edmund, uniq_pikel
D:6:      grunt_temple_overflow_open
D:7:      kiku_gazebo_garden_becter, cheibrodos_ashenzari_chains,
          serial_park_tiny_pond, minmay_misc_feat_diagonals
D:8:      serial_shops, shop_fountains, basic_altar, vehumet_altar_wand_db
D:9:      nicolae_gozag_cash_rules_everything_around_me, serial_shops, shop,
          basic_altar, hangedman_fish_farm
Temple:   dshaligram_water_room_temple

Skill      XL: |  1  2  3  4  5  6  7  8  9 |
---------------+----------------------------+-----
Axes           | 2 3 4 6 7 9 |  9.5
Armour         | 3 4 5 7 |  7.1
Fighting       | 4 5 6 7 |  7.7
Shields        | |  2.6

Action                   |  1- 3 |  4- 6 |  7- 9 || total
-------------------------+-------+-------+-------++-------
Melee: War axe           |   151 |   166 |   454 ||   771
       Broad axe         |       |       |    76 ||    76
  Use: Potion            |       |       |     3 ||     3
       Scroll            |       |       |     1 ||     1
  Eat: Chunk             |     1 |     4 |    20 ||    25
       Beef jerky        |       |     1 |     1 ||     2
Armor: Scale mail        |    69 |   109 |   278 ||   456
Dodge: Dodged            |    43 |    41 |    95 ||   179
Block: Shield            |    72 |       |       ||    72
       Large shield      |    14 |   151 |   403 ||   568
